 Dungeon Crawl Stone Soup version 0.29.0-4-gdea44cf6ec (webtiles) character file.

Game seed: 13500662216859684439

126 qw the Chopper (level 5, -4/37 (42) HPs)
             Began as a Barachi Chaos Knight on Sept 4, 2022.
             Slain by a hell rat (14 damage)
             ... in a sewer.
             The game lasted 00:02:12 (2942 turns).

qw the Chopper (Barachi Chaos Knight)               Turns: 2942, Time: 00:02:13

HP:   -4/37 (42)    AC: 18    Str: 17 (19) XL:     5   Next: 10%
MP:   5/5           EV:  7    Int:  9 (12) God:
Gold: 114           SH:  0    Dex:  5 (8)  Spells: 4/4 levels left

rFire   . . .      SeeInvis .   Y - +0 hand axe (protect)
rCold   . . .      Faith    .   (no shield)
rNeg    . . .      Spirit   .   f - +0 chain mail
rPois   .          Reflect  .   (no helmet)
rElec   .          Harm     .   (no cloak)
rCorr   .          Rampage  .   e - +2 pair of gloves
Will    .....                   (no boots)
Stlth   ..........              (no amulet)
HPRegen 0.12/turn               (no ring)
MPRegen 0.09/turn               (no ring)

@: under a protective aura, heavily drained, unable to drink, slow
A: amphibious, slowness 1, strong legs 1, +LOS, clumsy 1, sense surroundings 1,
strong 1, inability to drink after injury 1
a: Hop


You were in a sewer.
You visited 1 branch of the dungeon, and saw 3 of its levels.
You also visited: Sewer.

You collected 114 gold pieces.


Innate Abilities, Weirdness & Mutations

You are amphibious.
You cover ground slowly.
You can hop short distances.
You have an extended range of vision and can be seen from far away.
You are clumsy. (Dex -2)
You passively map a small area around you.
Your muscles are strong. (Str +4, Int/Dex -1)
You occasionally lose the ability to drink potions when taking damage.


   Skills:
 - Level 4.0 Fighting
 + Level 6.0 Axes
 - Level 2.4 Armour
 - Level 1.1 Dodging


You had 4 spell levels left.
You didn't know any spells.
Your spell library was empty.

Inventory:

Hand Weapons
 o - a +0 whip
 Y - a +0 hand axe of protection (weapon)
Armour
 e - a +2 pair of gloves (worn)
 f - a +0 chain mail (worn)
Scrolls
 a - a scroll of identify
Potions
 h - a potion of might {unknown}
 i - a potion of brilliance {unknown}
 j - a potion of berserk rage {unknown}
 k - a potion of heal wounds
Miscellaneous
 c - a piece from Xom's chessboard (15/15)

Dungeon Overview and Level Annotations

Branches:
Dungeon (3/15)              Sewer (1/1)

Altars:


Message History

You barely miss the hell rat. The hell rat bites you.
You feel drained.
You hit the hell rat.
The hell rat is lightly wounded.
The hell rat barely misses you.
You hit the hell rat.
The hell rat is moderately wounded.
The hell rat bites you but does no damage.
The hell rat barely misses you.
You closely miss the hell rat.
The hell rat is moderately wounded.
The hell rat closely misses you.
You hit the hell rat but do no damage.
The hell rat is moderately wounded.
The hell rat barely misses you.
You completely miss the hell rat.
The hell rat is moderately wounded.
The hell rat twitches its whiskers.
The hell rat bites you but does no damage.
You barely miss the hell rat.
The hell rat is moderately wounded.
The hell rat bites you but does no damage.
You barely miss the hell rat.
The hell rat is moderately wounded.
The hell rat bites you but does no damage.
The hell rat bites you.
You hit the hell rat but do no damage.
The hell rat is moderately wounded.
The hell rat bites you!
You feel drained.
You feel threatened and lose the ability to drink potions!
You hit the hell rat.
The hell rat is moderately wounded.
The hell rat bites you but does no damage.
You slash the hell rat!
The hell rat is almost dead.
The hell rat completely misses you.
You barely miss the hell rat.
The hell rat is almost dead.
The hell rat bites you!
You die...

#~.~~.\~~~~~###
#~~..~#####~.~~~#
#.~~###!\?###~~~##
.~~##.!!???.##~..#
.~, .~~~~~~~ #...#
~~ *.~~~~~ ##~.~#
#.~. #.~~###.~~##
#~....##r##.~~~~#
#~.~~~@~~.~.###
###~.~.~%.###
#########


You could see a hell rat.

Vanquished Creatures
  3 adders
  2 river rats
  2 worms
  4 dart slugs
  5 ball pythons
  5 bats
  4 endoplasms
  6 giant cockroaches
  3 goblins (D:1)
  3 hobgoblins
  6 jackals
  5 quokkas
  2 frilled lizards (D:2)
  5 kobolds
  11 rats
66 creatures vanquished.

Notes
Turn   | Place    | Note
-------+----------+-------------------------------------------
     0 | D:1      | qw the Barachi Chaos Knight began the quest for the Orb.
     0 | D:1      | Reached XP level 1. HP: 18/18 MP: 1/1
     0 | D:1      | 0 ||| qw: Version: 0.1-a-102-g441f92d
     0 | D:1      | 0 ||| qw: Game counter: 5306
     0 | D:1      | 0 ||| qw: Always use a shield: true
     0 | D:1      | 0 ||| qw: God list: Okawaru
     0 | D:1      | 0 ||| qw: Allow faded altars: false
     0 | D:1      | 0 ||| qw: Do Orc after D:15 true
     0 | D:1      | 0 ||| qw: Do second Lair branch before Depths: true
     0 | D:1      | 0 ||| qw: Lair rune preference: random
     0 | D:1      | 0 ||| qw: Plans: Normal
     0 | D:1      | 0 ||| PLANNING D:1-11
     0 | D:1      | Fell from the grace of Xom
     7 | D:1      | 7 ||| Stepping ~*~*~tactically~*~*~ (stealth).
     8 | D:1      | 8 ||| Stepping ~*~*~tactically~*~*~ (stealth).
    47 | D:1      | Reached XP level 2. HP: 24/24 MP: 2/2
    66 | D:1      | 66 ||| Stepping ~*~*~tactically~*~*~ (stealth).
    67 | D:1      | 67 ||| Stepping ~*~*~tactically~*~*~ (stealth).
    68 | D:1      | 68 ||| Stepping ~*~*~tactically~*~*~ (stealth).
    76 | D:1      | Reached skill level 4 in Axes
    76 | D:1      | 76 ||| Stepping ~*~*~tactically~*~*~ (stealth).
    77 | D:1      | 77 ||| Stepping ~*~*~tactically~*~*~ (stealth).
    78 | D:1      | 78 ||| Stepping ~*~*~tactically~*~*~ (stealth).
   161 | D:1      | 161 ||| Stepping ~*~*~tactically~*~*~ (hiding).
   263 | D:1      | 263 ||| Stepping ~*~*~tactically~*~*~ (hiding).
   365 | D:1      | 365 ||| Stepping ~*~*~tactically~*~*~ (hiding).
   726 | D:1      | Reached XP level 3. HP: 29/29 MP: 3/3
   740 | D:1      | Found a faded altar of an unknown god.
   886 | D:1      | 886 ||| DROPPING +0 club.
   932 | D:1      | XOM: stat loss: -2 Int (10/12)
  1020 | D:1      | 1020 ||| Stepping ~*~*~tactically~*~*~ (hiding).
  1051 | D:1      | XOM: summons 2 hostile shadow creatures
  1074 | D:1      | 1074 ||| UPGRADING to +0 chain mail.
  1084 | D:1      | 1084 ||| DROPPING +2 leather armour.
  1085 | D:1      | 1085 ||| DROPPING amulet of faith.
  1086 | D:1      | 1086 ||| READING 2 scrolls labelled KYIDOLLESM.
  1087 | D:1      | 1087 ||| READING scroll labelled JAT ZUONLIWK.
  1088 | D:1      | 1088 ||| READING scroll labelled SUFFASHR DIZXI.
  1089 | D:1      | 1089 ||| READING scroll labelled HEEKOE GIOG.
  1278 | D:2      | Reached skill level 5 in Axes
  1309 | D:2      | 1309 ||| Stepping ~*~*~tactically~*~*~ (stealth).
  1316 | D:2      | 1316 ||| Stepping ~*~*~tactically~*~*~ (stealth).
  1339 | D:2      | 1339 ||| Stepping ~*~*~tactically~*~*~ (stealth).
  1504 | D:2      | XOM: give mutation
  1504 | D:2      | Gained mutation: You are clumsy. (Dex -2) [Xom's mischief]
  1626 | D:2      | Reached XP level 4. HP: 34/36 MP: 4/4
  1736 | D:2      | 1736 ||| Stepping ~*~*~tactically~*~*~ (stealth).
  1737 | D:2      | 1737 ||| Stepping ~*~*~tactically~*~*~ (stealth).
  1738 | D:2      | 1738 ||| Stepping ~*~*~tactically~*~*~ (stealth).
  1838 | D:2      | XOM: god gift: runed arbalest {god gift}
  1950 | D:2      | XOM: stat loss: -2 Dex (7/9)
  2051 | D:2      | XOM: give mutations
  2051 | D:2      | Gained mutation: You are very clumsy. (Dex -4) [Xom's
                  | mischief]
  2051 | D:2      | Lost mutation: You are very clumsy. (Dex -4) [Xom's
                  | mischief]
  2051 | D:2      | Gained mutation: You passively map a small area around you.
                  | [Xom's mischief]
  2051 | D:2      | Gained mutation: You occasionally shout uncontrollably at
                  | your foes. [Xom's mischief]
  2075 | D:2      | 2075 ||| Stepping ~*~*~tactically~*~*~ (hiding).
  2076 | D:2      | 2076 ||| Stepping ~*~*~tactically~*~*~ (hiding).
  2355 | D:2      | 2355 ||| READING scroll labelled QODUATRUOSU.
  2356 | D:2      | 2356 ||| READING scroll labelled VOXKONIHENT.
  2357 | D:2      | 2357 ||| READING scroll labelled USTRIKHU XUVIM.
  2358 | D:2      | 2358 ||| DRINKING 2 green potions.
  2359 | D:2      | 2359 ||| DRINKING 2 bubbling coppery potions.
  2360 | D:2      | 2360 ||| DROPPING potion of degeneration.
  2376 | D:3      | 2376 ||| PLANNING SEWER
  2588 | D:3      | XOM: give mutations
  2588 | D:3      | Gained mutation: You occasionally lose the ability to drink
                  | potions when taking damage. [Xom's mischief]
  2588 | D:3      | Lost mutation: You occasionally shout uncontrollably at
                  | your foes. [Xom's mischief]
  2614 | D:3      | Reached skill level 6 in Axes
  2691 | D:3      | XOM: give mutation
  2691 | D:3      | Gained mutation: Your muscles are strong. (Str +4, Int/Dex
                  | -1) [Xom's grace]
  2699 | D:3      | Found a glowing drain.
  2700 | D:3      | 2700 ||| UPGRADING to +2 pair of gloves.
  2705 | D:3      | 2705 ||| READING scroll labelled YCYULY BIUSTE.
  2706 | D:3      | 2706 ||| DRINKING 2 bubbling black potions.
  2707 | D:3      | 2707 ||| READING 2 scrolls of identify.
  2707 | D:3      | 2707 ||| IDENTIFYING fizzy golden potion
  2708 | D:3      | 2708 ||| DROPPING potion of lignification.
  2709 | D:3      | 2709 ||| DROPPING potion of attraction.
  2710 | D:3      | 2710 ||| Stepping randomly (stuck).
  2711 | D:3      | 2711 ||| Stepping ~*~*~tactically~*~*~ (cloud).
  2869 | Sewer    | Entered a sewer
  2879 | Sewer    | Reached XP level 5. HP: 42/42 MP: 5/5
  2939 | Sewer    | HP: 9/37 [hell rat (5)]
  2942 | Sewer    | Slain by a hell rat

Levels and vault maps discovered:
D:1:      co_arrival_hall_of_pillars, layout_basic,
          ebering_ecumenical_altar_hall
D:2:      layout_basic, patterned_corridor
D:3:      layout_loops_ring, led_sif_book, nemelex_diamond_rough_becter,
          gup_sewer_entry_spiral
Sewer:    sewer_hellmonk_bad_rat

Skill      XL: |  1  2  3  4  5 |
---------------+----------------+-----
Axes           | 4 5 6 |  6.0
Fighting       | 4 |  4.0
Armour         | |  2.4
Dodging        | |  1.1

Action                   |  1- 3 |  4- 6 || total
-------------------------+-------+-------++-------
Melee: Hand axe          |   127 |   155 ||   282
       Punch             |     1 |     1 ||     2
Invok: Renounce Religion |     1 |       ||     1
  Use: Scroll            |     4 |     5 ||     9
       Potion            |       |     3 ||     3
Armor: Leather armour    |    34 |       ||    34
       Chain mail        |    17 |    88 ||   105
Dodge: Dodged            |    59 |    40 ||    99

Table legend:
 A = Non-vault XP
 B = Vault XP
 C = Vault XP percentage of total XP
 D = Non-vault monster count
 E = Vault monster count
 F = Vault count percentage of total count
                 A         B        C        D         E       F
            +---------+---------+-------+---------+---------+-------
      Total |     126 |      55 |  30.4 |      54 |      12 |  18.2
            +---------+---------+-------+---------+---------+-------
        D:1 |      54 |       0 |   0.0 |      30 |       0 |   0.0
        D:2 |      53 |       0 |   0.0 |      20 |       0 |   0.0
        D:3 |      19 |      38 |  66.7 |       4 |       7 |  63.6
      Sewer |       0 |      17 | 100.0 |       0 |       5 | 100.0
            +---------+---------+-------+---------+---------+-------
